 Dungeon Crawl Stone Soup version 0.17-a0-1899-ge84b1df (webtiles) character file.

67 Herrn the Shield-Bearer (level 4, 28/35 HPs)
             Began as a Formicid Fighter on Sept 24, 2015.
             Was a Follower of Trog.
             Quit the game on level 3 of the Dungeon.
             The game lasted 00:04:42 (1951 turns).

Herrn the Shield-Bearer (Formicid Fighter)          Turns: 1951, Time: 00:04:42

Health: 28/35      AC:  6    Str: 21    XL:     4   Next: 40%
Magic:  4/4        EV:  8    Int:  8    God:    Trog [*.....]
Gold:   130        SH:  9    Dex: 10    Spells: 0 memorised, 3 levels left

rFire  . . .     SeeInvis +     a - +0 war axe
rCold  . . .     Clarity  .     b - +0 scale mail
rNeg   . . .     SustAt   .     c - +0 shield
rPois  .         Gourm    .     (helmet unavailable)
rElec  .         Spirit   .     (no cloak)
rCorr  .         Warding  .     (no gloves)
rMut   .         Stasis   +     (no boots)
MR     .....                    (no amulet)
Stlth  ..........               (no ring)
                                (no ring)

@: not resistant to hostile enchantments, extremely unstealthy
A: permanent stasis, dig shafts and tunnels, four strong arms, antennae 3
a: Dig, Shaft Self, Burn Spellbooks, Renounce Religion


You were on level 3 of the Dungeon.
You worshipped Trog.
Trog was aware of your devotion.
You were near starving.

You visited 1 branch of the dungeon, and saw 3 of its levels.

You collected 130 gold pieces.

Inventory:

Hand weapons
 a - a +0 war axe (weapon)
Armour
 b - a +0 scale mail (worn)
 c - a +0 shield (worn)
Scrolls
 i - 2 scrolls of immolation {unknown}
 l - 2 scrolls of remove curse {unknown}
 m - 2 scrolls of noise {unknown}
 n - a scroll of enchant weapon {unknown}
 o - a scroll of enchant armour {unknown}
 p - a scroll of amnesia {unknown}
 r - a scroll of fear {unknown}
Potions
 d - 2 potions of might
 f - a potion of agility {unknown}
 g - 3 potions of curing {unknown}
 k - a potion of haste {unknown}
 q - 3 potions of brilliance {unknown}
 s - a potion of poison {unknown}
Comestibles
 e - 2 bread rations
 h - 3 beef jerkies
 j - 2 meat rations


   Skills:
 + Level 3.5 Fighting
 * Level 2.4 Axes
 + Level 3.6 Armour
 * Level 1.8 Dodging
 + Level 4.2 Shields


You had 3 spell levels left.
You didn't know any spells.

Dungeon Overview and Level Annotations

Branches:
Dungeon (3/15)

Altars:
Ashenzari
Cheibriados
Trog
The Shining One


Innate Abilities, Weirdness & Mutations

You are under a permanent stasis effect.
You can dig through walls and to a lower floor.
Your four strong arms can wield two-handed weapons with a shield.
You have a pair of large antennae on your head (SInv).


Message History

The hobgoblin is severely wounded.
You block the hobgoblin's attack.
You slash the hobgoblin!
You kill the hobgoblin!
Trog accepts your kill.
You now have 130 gold pieces (gained 21).
Things that are here:
a club; a glowing shield An adder comes into view.
You miss the adder. The adder bites you. The adder closely misses you.
You hit the adder.
The adder is heavily wounded.
You block the adder's attack.
Your shield and scale mail prevent you from hitting the adder.
The adder is heavily wounded.
You block the adder's attack. The adder bites you but does no damage.
You barely miss the adder.
The adder is heavily wounded.
You block the adder's attack. x2
Are you sure you want to abandon this character and quit the game? (Confirm with "yes".)

...# .# #..# #.#
#..# #.# #..#####
###.#
######....†..
...#
#.........(..
#..#
#.####.######
#S.# #(# #.# #@.#
#(## #.# ##
#..###..###.# #.
####...........#
#.
..........)..(..#
#
###########..#.##
#..#.# #..#.# #.
#..#.# #. #####
#..#.# ##


You could see an adder.

Vanquished Creatures
  2 adders (D:2)
  An ooze (D:1)
  A worm (D:2)
  A giant gecko (D:3)
  4 bats
  A giant cockroach (D:3)
  3 goblins
  6 hobgoblins
  4 jackals (D:2)
  8 kobolds
  A ball python (D:3)
  5 giant newts
  4 rats
41 creatures vanquished.

Notes
Turn   | Place    | Note
--------------------------------------------------------------
     0 | D:1      | Herrn the Formicid Fighter began the quest for the Orb.
     0 | D:1      | Reached XP level 1. HP: 18/18 MP: 1/1
   330 | D:1      | Reached XP level 2. HP: 24/24 MP: 2/2
   743 | D:2      | Found a snail-covered altar of Cheibriados.
   776 | D:2      | Reached skill level 1 in Dodging
   776 | D:2      | Reached XP level 3. HP: 26/29 MP: 3/3
   850 | D:2      | Found a glowing golden altar of the Shining One.
   893 | D:2      | Found a shattered altar of Ashenzari.
   963 | D:2      | Reached skill level 4 in Shields
  1363 | D:2      | Reached XP level 4. HP: 32/35 MP: 4/4
  1728 | D:3      | Found a faded altar to an unknown god.
  1748 | D:3      | Became a worshipper of Trog the Wrathful
  1748 | D:3      | Acquired Trog's first power
  1951 | D:3      | Quit the game

Vault maps used:
D:1:      dpeg_arrival_rooms_b
D:2:      evilmike_ruin_ashenzari, lemuel_round_altar,
          nicolae_overflow_crystal_walls, supply_closet_lemuel
D:3:      ecumenical_altar_1, first_bread

Action                   |  1- 3 |  4- 6 || total
-------------------------+-------+-------++-------
Melee: War axe           |   107 |    45 ||   152
 Abil: Dig               |       |     1 ||     1
  Eat: Chunk             |     1 |     1 ||     2
